 Dungeon Crawl Stone Soup version 0.30.0-7-g0c4daa9e05 (webtiles) character file.

Game seed: 52295517620313870

5 Atelerd the Digger (level 1, 0/11 HPs)
             Began as an Octopode Earth Elementalist on May 13, 2023.
             Slain by a kobold
             ... wielding a +0 short sword
              (3 damage)
             ... on level 1 of the Dungeon.
             The game lasted 00:00:08 (98 turns).

Atelerd the Digger (Octopode Earth Elementalist)      Turns: 98, Time: 00:00:08

Health: 0/11       AC:  1    Str:  7    XL:     1   Next: 80%
Magic:  0/3        EV: 13    Int: 17    God:
Gold:   0          SH:  0    Dex: 12    Spells: 3/4 levels left

rFire   . . .        (no weapon)
rCold   . . .        (no shield)
rNeg    . . .        (helmet restricted)
rPois   .            (no amulet)
rElec   .            (no ring)
rCorr   .            (no ring)
SInv    .            (no ring)
Will    .....        (no ring)
Stlth   +++          (no ring)
HPRegen 0.21/turn    (no ring)
MPRegen 0.08/turn    (no ring)
                     (no ring)

%: no passive effects
@: no status effects
A: almost no armour, amphibious, 8 rings, camouflage 1, gelatinous body 1,
(nimble swimmer 1), tentacles
a: no special abilities


You were on level 1 of the Dungeon.
You visited 1 branch of the dungeon, and saw 1 of its levels.

Inventory:

Magical Staves
 c - a staff of earth
Scrolls
 b - a scroll of identify {unknown}
Potions
 a - a potion of magic
 d - a potion of might {unknown}


   Skills:
 + Level 2.1 Dodging
 + Level 2.6 Stealth
 + Level 2.1 Spellcasting
 + Level 1.0 Transmutations
 + Level 3.2 Earth Magic


You had 3 spell levels left.
You knew the following spells:

 Your Spells              Type           Power      Damage    Failure   Level
a - Sandblast             Erth           24%        2d8       5%          1

Your spell library contained the following spells:

 Spells                   Type           Power      Damage    Failure   Level
 Passwall                 Tmut/Erth      6%         N/A       12%         2
 Stone Arrow              Conj/Erth      14%        3d7       30%         3
 Petrify                  Tmut/Erth      8%         N/A       63%         4


Dungeon Overview and Level Annotations

Branches:
Dungeon (1/15)

Altars:


Innate Abilities, Weirdness & Mutations

You cannot wear most types of armour.
You are amphibious.
You can wear up to eight rings at the same time.
Your skin changes colour to match your surroundings (Stealth+).
Your rubbery body absorbs attacks. (AC +1, EV +1)
((You are camouflaged when in or above water. (Stealth+)))
You have tentacles for arms and can constrict up to eight enemies at once.


Message History

Found a falchion.
A kobold comes into view. It is wielding a +0 club.
A kobold is nearby!
You see here a smoky brown potion.
A kobold is nearby!
A kobold is nearby!
The blast of sand hits the kobold!
You kill the kobold!
d - a smoky brown potion No target in view!
You can't see any susceptible monsters within range! (Use Z to cast anyway.)
You see here a +0 falchion.
An endoplasm, a rat and a kobold come into view.
The kobold shouts!
A bat comes into view.
The rat moves out of view.
You can't see any susceptible monsters within range! (Use Z to cast anyway.)
There are monsters nearby!
A quokka comes into view.
There are monsters nearby!
The blast of sand misses the bat.
The endoplasm quivers.
The bat completely misses you.
The kobold throws a stone.
The stone hits you. The bat barely misses you.
There are monsters nearby!
The blast of sand hits the bat.
You kill the bat!
There are monsters nearby!
The blast of sand hits the endoplasm.
The endoplasm is heavily wounded.
The endoplasm hits you. The kobold barely misses you.
The kobold hits you with a +0 short sword.
The rat bites you but does no damage. The endoplasm freezes you.
You are frozen.
* * * LOW HITPOINT WARNING * * *
The quokka attacks as you move away! The quokka closely misses you.
The kobold attacks as you move away!
The kobold hits you with a +0 short sword.
You die...

#....## +..... #. #....#
###.#.#### #....#
.....##.) #....# # #....
#.# #....##.# .#.....#.#
#JK...!.#
....#.#.###@r.## .###
#..#...)...r..#
.....##..###.........(..
#...................#.
#.###..####..........#
#.#....#####.......#.#
#...###.........#### #
....#.#...##..#....#
....#.#.####.......####


You could see an endoplasm, a quokka, a kobold and a rat.

Vanquished Creatures
  A ball python (D:1)
  A bat (D:1)
  An endoplasm (D:1)
  A kobold (D:1)
4 creatures vanquished.

Notes
Turn   | Place    | Note
-------+----------+-------------------------------------------
     0 | D:1      | Atelerd the Octopode Earth Elementalist began the quest for
                  | the Orb.
     0 | D:1      | Reached XP level 1. HP: 11/11 MP: 3/3
    98 | D:1      | Slain by a kobold

Illustrated notes

Levels and vault maps discovered:
D:1:      dpeg_arrival_round_a, layout_basic

Action                     || total
---------------------------++-------
  Melee: Unarmed           ||     1
   Cast: Sandblast         ||     6
 Armour: Skin              ||     1
  Dodge: Dodged            ||     4
